 Dungeon Crawl Stone Soup version 0.27.0-1-g7a089689b8 (webtiles) character file.

Game seed: 9781684581516049445

1440 Anothat the Fighter (level 8, -6/48 HPs)
             Began as a Gargoyle Fighter on Aug 1, 2021.
             Was a Follower of Hepliaklqana.
             Mangled by a wyvern (7 damage)
             ... on level 7 of the Dungeon.
             The game lasted 00:14:53 (6210 turns).

Anothat the Fighter (Gargoyle Fighter)              Turns: 6210, Time: 00:14:54

Health: -6/48      AC: 18    Str: 22    XL:     8   Next: 74%
Magic:  8/8        EV:  6    Int:  9    God:    Hepliaklqana [*.....]
Gold:   328        SH: 10    Dex:  9    Spells: 7/7 levels left

rFire    + . .     SeeInvis .   a - +1 flail (vorpal)
rCold    . . .     Faith    .   c - +0 kite shield
rNeg     + . .     Spirit   .   m - +0 chain mail
rPois    ∞         Reflect  .   f - +0 helmet
rElec    +         Harm     .   q - +0 cloak
rCorr    .         Rampage  .   (no gloves)
Will     .....                  (no boots)
Stlth    ..........             (no amulet)
HPRegen  0.16/turn              n - ring of protection from fire
MPRegen  0.11/turn              (no ring)

@: no status effects
A: reduced essence, sickness immunity, AC +5, negative energy resistance 1,
electricity resistance, torment resistance 1, petrification resistance
a: Renounce Religion, Recall Ancestor, Ancestor Identity


You were on level 7 of the Dungeon.
You worshipped Hepliaklqana.
Hepliaklqana was aware of your devotion.
You visited 2 branches of the dungeon, and saw 8 of its levels.

You collected 328 gold pieces.

Inventory:

Hand Weapons
 a - a +1 vorpal flail (weapon)
Armour
 b - a +0 scale mail
 c - a +0 kite shield (worn)
 f - a +0 helmet (worn)
 i - +0 acid dragon scales
 m - a +0 chain mail (worn)
 q - a +0 cloak (worn)
Jewellery
 n - a ring of protection from fire (left hand)
 p - a ring of flight
Wands
 e - a wand of polymorph (6)
 t - a wand of digging (5)
Scrolls
 g - 3 scrolls of teleportation
 h - a scroll of brand weapon
 j - 8 scrolls of identify
 k - a scroll of enchant weapon
 l - 2 scrolls of noise
 r - a scroll of blinking {unknown}
Potions
 d - 2 potions of brilliance
 o - a potion of flight {unknown}
 s - a potion of curing


   Skills:
 * Level 8.0 Fighting
 + Level 5.0 Maces & Flails
 + Level 6.0 Armour
 + Level 6.1 Shields


You had 7 spell levels left.
You didn't know any spells.
Your spell library was empty.

Dungeon Overview and Level Annotations

Branches:
Dungeon (7/15)             Temple (1/1) D:5

Altars:
Cheibriados
Dithmenos
Elyvilon
Fedhas
Gozag
Hepliaklqana
Makhleb
Okawaru
Ru
Sif Muna
Trog
Uskayaw
Vehumet
Wu Jian
Yredelemnul
Zin
The Shining One


Innate Abilities, Weirdness & Mutations

Your life essence is reduced to manifest your ancestor. (-10% HP)
You are immune to sickness and miasma.
Your stone body is resilient. (AC +5)
You are immune to poison.
You resist negative energy. (rN+)
You are resistant to electric shocks. (rElec)
You are resistant to unholy torment.
You are immune to petrification.


Message History

You hit the wyvern.
The wyvern is almost dead.
You block the wyvern's attack.
Cashile hits the howler monkey skeleton.
The wyvern bites you.
The howler monkey skeleton hits Cashile.
Cashile hits the howler monkey skeleton.
The howler monkey skeleton hits Cashile.
You block the wyvern's attack.
You hit the wyvern.
The wyvern is almost dead.
The wyvern bites you!
* * * LOW HITPOINT WARNING * * *
Cashile hits the howler monkey skeleton.
The howler monkey skeleton hits Cashile but does no damage.
You completely miss the wyvern.
The wyvern is almost dead.
You block the wyvern's attack.
Cashile hits the howler monkey skeleton.
The howler monkey skeleton is destroyed!
The wyvern closely misses you.
You hit the wyvern but do no damage.
The wyvern is almost dead.
You block the wyvern's attack.
Cashile misses the wyvern.
The wyvern completely misses you.
Cashile barely misses the wyvern.
You closely miss the wyvern.
The wyvern is almost dead.
The wyvern bites you.
* * * LOW HITPOINT WARNING * * *
You block the wyvern's attack.
Cashile completely misses the wyvern.
You barely miss the wyvern.
The wyvern is almost dead.
The wyvern bites you.
* * * LOW HITPOINT WARNING * * *
Cashile completely misses the wyvern.
The wyvern barely misses you.
You barely miss the wyvern.
The wyvern is almost dead.
You block the wyvern's attack.
Cashile closely misses the wyvern.
The wyvern bites you!
You die...

###### #....#
#....#
..##....#####
.......l@..<#
###...R#####
#....# #....#
#####. . ..
.. ...


You could see the friendly Cashile the ancestor and a wyvern (ally target).

Vanquished Creatures
  An acid dragon (D:5)
  3 ogres
  2 centaurs
  A kobold brigand (D:5)
  2 water moccasin skeletons
  2 hounds
  A centaur skeleton (D:4)
  A gnoll shaman (D:5)
  An orc priest (D:5)
  2 bullfrog skeletons
  Terence (D:3)
  4 iguanas
  An orc wizard (D:6)
  A scorpion zombie (D:5)
  7 gnolls
  6 adders
  A white imp (D:6)
  An adder skeleton (D:4)
  14 orcs
  5 bats
  10 endoplasms
  2 giant cockroaches
  6 goblins
  5 hobgoblins
  11 kobolds
  3 quokkas
  3 ball pythons
  4 frilled lizards
  6 rats
107 creatures vanquished.

Vanquished Creatures (collateral kills)
  A gnoll sergeant (D:6)
  2 orc wizards (D:6)
  A howler monkey skeleton (D:7)
  2 gnolls (D:6)
  2 ufetubi (D:6)
  An orc (D:6)
9 creatures vanquished.

Vanquished Creatures (others)
  An orc wizard (D:6)
  An orc (D:6)
  16 fungi (D:6)
18 creatures vanquished.

Grand Total: 134 creatures vanquished

Notes
Turn   | Place    | Note
-------+----------+-------------------------------------------
     0 | D:1      | Anothat the Gargoyle Fighter began the quest for the Orb.
     0 | D:1      | Reached XP level 1. HP: 14/14 MP: 1/1
   118 | D:1      | Reached XP level 2. HP: 19/19 MP: 2/2
   763 | D:2      | Reached skill level 4 in Fighting
   763 | D:2      | Reached XP level 3. HP: 18/24 MP: 3/3
   902 | D:2      | Reached XP level 4. HP: 29/29 MP: 4/4
  1061 | D:2      | Found a faded altar of an unknown god.
  2199 | D:3      | Found a snail-covered altar of Cheibriados.
  2532 | D:3      | Reached XP level 5. HP: 30/34 MP: 5/5
  2576 | D:3      | Noticed Terence
  2608 | D:3      | Killed Terence
  2742 | D:4      | Noticed a centaur
  2758 | D:4      | Killed a centaur
  2759 | D:4      | Reached skill level 5 in Fighting
  2759 | D:4      | Reached XP level 6. HP: 31/40 MP: 6/6
  3225 | D:5      | Entered Level 5 of the Dungeon
  3531 | D:5      | Found a staircase to the Ecumenical Temple.
  3539 | Temple   | Entered the Ecumenical Temple
  3558 | Temple   | Became a worshipper of Hepliaklqana the Forgotten
  3583 | D:5      | Noticed an acid dragon
  3891 | D:4      | Reached XP level 7. HP: 40/45 MP: 7/7
  4018 | D:4      | Reached skill level 6 in Fighting
  4176 | D:5      | Reached skill level 5 in Shields
  4208 | D:5      | Reached skill level 5 in Armour
  4795 | D:5      | Reached XP level 8. HP: 48/52 MP: 8/8
  4821 | D:5      | Reached skill level 7 in Fighting
  5286 | D:6      | Reached * piety under Hepliaklqana
  5821 | D:6      | Reached skill level 8 in Fighting
  5852 | D:6      | Reached skill level 5 in Maces & Flails
  5938 | D:6      | Found a glowing silver altar of Zin.
  6197 | D:7      | Noticed a wyvern
  6209 | D:7      | HP: 1/48 [wyvern (3)]
  6210 | D:7      | Mangled by a wyvern

Illustrated notes

Levels and vault maps discovered:
D:1:      amcnicky_arrival_single_pillar, layout_basic, minivault_14
D:2:      layout_loops_ring, ebering_ecumenical_altar_rust,
          kennysheep_generic_room_6
D:3:      layout_basic, overflow_temple_1_default, uniq_terence, uniq_ijyb
D:4:      layout_rooms
D:5:      layout_loops_ring, minmay_temple_entry_butterflies
D:6:      layout_cave_pods, mainiacjoe_overflow_chevrons, grunt_ministairs_7,
          minivault_22, lemuel_flame_loot_1
D:7:      cheibrodos_steamvent, layout_basic, tgw_kikubaaqudgha,
          gammafunk_temple_overflow_statue
Temple:   nicolae_temple_x_marks_the_god

Skill      XL: |  1  2  3  4  5  6  7  8 |
---------------+-------------------------+-----
Fighting       | 4 5 6 8 |  8.0
Shields        | 4 5 6 |  6.1
Armour         | 4 5 6 |  6.0
Maces & Flails | 3 4 5 |  5.0

Action                   |  1- 3 |  4- 6 |  7- 9 || total
-------------------------+-------+-------+-------++-------
Melee: Flail             |    73 |   257 |   225 ||   555
  Use: Potion            |       |     4 |       ||     4
       Scroll            |       |     2 |     6 ||     8
Armor: Scale mail        |    43 |     6 |       ||    49
       Chain mail        |       |   223 |   153 ||   376
       Skin              |       |     2 |       ||     2
Dodge: Dodged            |    20 |    67 |    71 ||   158
Block: Kite shield       |    48 |   185 |   128 ||   361
